 Dungeon Crawl Stone Soup version 0.27-a0-522-g46bbb28828 (webtiles) character file.

Game seed: 8197057981705719281

210 jasper the Gusty (level 5, -4/31 HPs)
             Began as a Vampire Air Elementalist on Mar 4, 2021.
             Slain by an iguana (12 damage)
             ... on level 4 of the Dungeon.
             The game lasted 00:06:07 (4556 turns).

jasper the Gusty (Vampire Air Elementalist)         Turns: 4556, Time: 00:06:08

Health: -4/31      AC:  4    Str:  7    XL:     5   Next: 57%
Magic:  1/8        EV: 12    Int: 19    God:
Gold:   98         SH:  0    Dex: 14    Spells: 2/8 levels left

rFire    . . .     SeeInvis +   b - +0 dagger
rCold    . . .     Faith    .   (no shield)
rNeg     . . .     Spirit   .   a - +1 robe
rPois    .         Reflect  .   j - +0 helmet
rElec    .         Harm     .   (no cloak)
rCorr    .         Rampage  .   (no gloves)
Will     .....                  (no boots)
Stlth    ++........             (no amulet)
HPRegen  0.30/turn              (no ring)
MPRegen  0.11/turn              (no ring)

@: very slightly contaminated, regenerating quickly
A: fangs 3, see invisible, [frail 1], unbreathing 1
a: Exsanguinate


You were on level 4 of the Dungeon.
You visited 1 branch of the dungeon, and saw 4 of its levels.

You collected 98 gold pieces.

Inventory:

Hand Weapons
 b - a +0 dagger (weapon)
Missiles
 c - 8 boomerangs
Armour
 a - a +1 robe (worn)
 j - a +0 helmet (worn)
Potions
 d - 2 potions of resistance
 e - a potion of curing {unknown}
 f - 2 potions of heal wounds
 g - 2 potions of ambrosia
 h - a potion of attraction {unknown}
 i - a potion of mutation
 l - a potion of degeneration {unknown}


   Skills:
 - Level 2.1 Dodging
 - Level 3.0 Stealth
 - Level 2.0 Spellcasting
 - Level 0.6 Conjurations
 + Level 6.3 Air Magic


You had 2 spell levels left.
You knew the following spells:

 Your Spells              Type           Power        Failure   Level
a - Shock                 Conj/Air       60%          4%          1
b - Swiftness             Air            26%          1%          2
c - Static Discharge      Conj/Air       15%          12%         3

Your spell library contained the following spells:

 Spells                   Type           Power        Failure   Level
 Airstrike                Air            13%          12%         4
 Lightning Bolt           Conj/Air       7%           73%         5


Dungeon Overview and Level Annotations

Branches:
Dungeon (4/15)
 Temple: D:4-7

Altars:


Innate Abilities, Weirdness & Mutations

Your natural rate of healing is unusually fast.
You have razor-sharp teeth.
You have supernaturally acute eyesight. (SInv)
You can survive without breathing.
[You are frail. (-10% HP)]


Message History

Aim: an iguana (moderately wounded, 25% to evade)
You miscast Shock.
You are very lightly contaminated with residual magic.
Nothing appears to happen.
The iguana misses you.
Aiming: Shock (safe; 4% risk of failure)
Press: ? - help, Q - select action, (/) - cycle Shift-Dir - straight line, f/p - iguana
Aim: an iguana (moderately wounded, 25% to evade)
The zap misses the iguana.
The iguana hisses menacingly.
The iguana bites you but does no damage.
You now have 5/8 mp.
Aiming: Shock (safe; 4% risk of failure)
Press: ? - help, Q - select action, (/) - cycle Shift-Dir - straight line, f/p - iguana
Aim: an iguana (moderately wounded, 25% to evade)
The zap hits the iguana.
The iguana is heavily wounded.
The iguana bites you but does no damage.
You now have 4/8 mp.
Aiming: Shock (safe; 4% risk of failure)
Press: ? - help, Q - select action, (/) - cycle Shift-Dir - straight line, f/p - iguana
Aim: an iguana (heavily wounded, 25% to evade)
The zap misses the iguana.
You hear the brisk rusting of a very distant drain.
The iguana bites you.
You take 2 damage, and have 15/31 hp.
You now have 3/8 mp.
Aiming: Shock (safe; 4% risk of failure)
Press: ? - help, Q - select action, (/) - cycle Shift-Dir - straight line, f/p - iguana
Aim: an iguana (heavily wounded, 25% to evade)
The zap hits the iguana.
The iguana is almost dead.
The iguana bites you!
* * * LOW HITPOINT WARNING * * *
You take 8 damage, and have 7/31 hp.
MASSIVE DAMAGE!!
You now have 2/8 mp.
Aiming: Shock (safe; 4% risk of failure)
Press: ? - help, Q - select action, (/) - cycle Shift-Dir - straight line, f/p - iguana
Aim: an iguana (almost dead, 25% to evade)
The zap misses the iguana.
The iguana bites you!
You die...

##.. ##..## #### # ##..#
##....####...# ...##
#............. ...#####.
#....######..#
##.......# #...##
####..# ##>.# .....##
##..#### .....#
##......#
.....###########@....###
###.......##...l.....#
#...........###..#.##
#.......#..## #.###.##
#..#######.# #.# ##.##
#..# #.# ### ##.### #..#
#.# ##..# ##.. #.## ###
#..# ##. #..###.# ##.##


You could see an iguana.

Vanquished Creatures
  A scorpion (D:4)
  6 adders
  2 oozes
  3 worms
  2 dart slugs
  6 leopard geckos
  5 orcs (D:3)
  2 giant cockroaches (D:3)
  4 hobgoblins
  6 jackals
  A quokka (D:2)
  8 bats
  6 frilled lizards
  5 goblins
  11 kobolds
  17 rats
85 creatures vanquished.

Notes
Turn   | Place    | Note
-------+----------+-------------------------------------------
     0 | D:1      | jasper the Vampire Air Elementalist began the quest for the
                  | Orb.
     0 | D:1      | Reached XP level 1. HP: 13/13 MP: 3/3
   347 | D:1      | Reached XP level 2. HP: 19/19 MP: 1/5
   356 | D:1      | Learned a level 2 spell: Swiftness
   867 | D:1      | Reached skill level 4 in Air Magic
  1203 | D:1      | Reached XP level 3. HP: 24/24 MP: 4/6
  1208 | D:1      | Learned a level 3 spell: Static Discharge
  1666 | D:2      | Reached skill level 5 in Air Magic
  1666 | D:2      | Reached XP level 4. HP: 30/30 MP: 1/7
  3220 | D:3      | Reached XP level 5. HP: 35/35 MP: 4/8
  3823 | D:3      | Reached skill level 6 in Air Magic
  4556 | D:4      | Slain by an iguana

Illustrated notes

Levels and vault maps discovered:
D:1:      evilmike_arrival_plus, layout_loops_corners
D:2:      layout_basic
D:3:      layout_loops_corners, minivault_11, minmay_statues_item
D:4:      layout_layer_cave, portal_sewer_entry_a, uniq_edmund, uniq_duvessa

Skill      XL: |  1  2  3  4  5 |
---------------+----------------+-----
Air Magic      | 4 5 6 |  6.3
Dodging        | |  2.1
Stealth        | |  3.0
Spellcasting   | |  2.0
Conjurations   | |  0.6

Action                   |  1- 3 |  4- 6 || total
-------------------------+-------+-------++-------
Melee: Dagger            |     5 |    25 ||    30
       Bite              |       |     2 ||     2
 Cast: Shock             |    67 |   117 ||   184
 Abil: Exsanguinate      |       |     1 ||     1
       Revivify          |       |     1 ||     1
  Use: Scroll            |     2 |     7 ||     9
       Potion            |       |     1 ||     1
 Stab: Invisible         |       |     1 ||     1
Armor: Robe              |     2 |     9 ||    11
Dodge: Dodged            |     8 |    38 ||    46

Table legend: (Time is in decaauts)
 A = Elapsed time spent in this place.
 B = Non-inter-level travel time spent in this place.
 C = Inter-level travel time spent in this place.
 D = Time resting spent in this place.
 E = Time spent auto-exploring this place.
 F = Levels seen in this place.
 G = Mean time per level.
                   A        B        C        D        E       F      G
               +--------+--------+--------+--------+--------+-----+--------+
         Total |   4554 |   4417 |    137 |    350 |   3643 |   4 | 1138.5 |
       Dungeon |   4554 |   4417 |    137 |    350 |   3643 |   4 | 1138.5 |
               +--------+--------+--------+--------+--------+-----+--------+

Top non-repeatable levels by time:
     D:1: 1464 daAuts
     D:3: 1342 daAuts
     D:2: 1338 daAuts
     D:4: 408 daAuts
